 Dungeon Crawl Stone Soup version 0.31-a0-1338-gb567cfdca4 (webtiles) character file.

Game seed: 4819072955930000262

574 Drazool the Magician (level 7, 0/45 HPs)
             Began as a Djinni Alchemist on Dec 22, 2023.
             Slain by a phantom (1 damage)
             ... on level 4 of the Dungeon.
             The game lasted 00:14:27 (3794 turns).

Drazool the Magician (Djinni Alchemist)             Turns: 3794, Time: 00:14:28

Health: 0/45       AC:  6    Str:  7    XL:     7   Next: 61%
Gold:   180        EV: 12    Int: 19    God:
                   SH:  0    Dex: 17

rFire   + + .        p - +7 quarterstaff "Jelly's Funeral" {freeze, rElec Dex+4}
rCold   x . .        (shield currently unavailable)
rNeg    . . .        a - +0 robe
rPois   ∞            h - +1 helmet
rElec   +            (no cloak)
rCorr   .            m - +1 pair of gloves
SInv    .            (boots unavailable)
Will    .....        (no amulet)
Stlth   ++           (no ring)
HPRegen 0.27/turn    (no ring)
MPRegen 0.00/turn

%: infuse magic (-1 HP)
@: flying, very slightly contaminated
A: sickness immunity, fire resistance 2, cold vulnerability 1, float, innate
caster, HP casting, extra vitality 1
a: no special abilities


You were on level 4 of the Dungeon.
You visited 1 branch of the dungeon, and saw 4 of its levels.

You collected 180 gold pieces.


Innate Abilities, Weirdness & Mutations

You are immune to sickness and miasma.
You are immune to poison.
Your flesh is very heat resistant. (rF++)
You are vulnerable to cold. (rC-)
You float through the air rather than walking.
You learn spells naturally, not from books.
Your magical power is your life essence.
You have superior vitality. (+4 MHP)


   Skills:
 - Level 2.1 Dodging
 - Level 1.5 Stealth
 + Level 6.7 Spellcasting
 + Level 6.7 Conjurations
 + Level 6.7 Hexes
 + Level 6.7 Summonings
 + Level 6.7 Necromancy
 + Level 6.7 Translocations
 + Level 6.7 Fire Magic
 + Level 6.7 Ice Magic
 + Level 6.7 Air Magic
 + Level 6.7 Earth Magic
 + Level 6.7 Alchemy


You knew the following spells:

 Your Spells              Type           Power      Damage    Failure   Level
m - Mephitic Cloud        Conj/Alch/Air  32%        N/A       1%          3
o - Olgreb's Toxic Radia  Alch           32%        N/A       6%          4
s - Summon Small Mammal   Summ           100%       N/A       1%          1
y - Sticky Flame          Fire/Alch      32%        2d7       6%          4
z - Sting                 Conj/Alch      100%       1d9       1%          1
B - Blink                 Tloc           64%        N/A       1%          2
X - Mercury Vapours       Alch/Air       64%        N/A       1%          2
Y - Jinxbite              Hex            64%        N/A       1%          2
Your spell library was empty.

Inventory:

Hand Weapons
 p - the +7 quarterstaff "Jelly's Funeral" (weapon) {freeze, rElec Dex+4}
   (You found it on level 4 of the Dungeon)

   Dex+4:     It affects your dexterity (+4).
   rElec:     It insulates you from electricity.
Armour
 a - a +0 robe (worn)
 h - a +1 helmet (worn)
 m - a +1 pair of gloves (worn)
Scrolls
 b - 6 scrolls of enchant weapon
 c - 2 scrolls of revelation {unknown}
 d - a scroll of amnesia
 e - a scroll of poison {unknown}
 f - a scroll of noise {unknown}
 i - 2 scrolls of fog
 k - a scroll of enchant armour {unknown}
 l - 2 scrolls of identify {unknown}
 n - a scroll of immolation {unknown}
 o - a scroll of butterflies {unknown}
Potions
 g - a potion of might {unknown}
 j - a potion of enlightenment {unknown}

Dungeon Overview and Level Annotations

Branches:
Dungeon (4/15)
 Temple: D:4-7

Altars:
Nemelex Xobeh

#.......#..
#b...#.......'..
#....#.......#..
##....#.......#..
#.....#.......#..
##.....#.......#..
###......#.......#..
#...b....#.......#..
#..@.....'.......'..
#..W...†.#.......#..
#........#.......#..
#........#.......#..
#........#####'###..
#........#.......#..
#........#.......#..
#........#.......'..
#........#.......#..


You could see a phantom and 2 bats.


Message History

Confirm with . or Enter, or press ? or * to list all spells.
Aiming: Sticky Flame (dangerous; 6% risk of failure)
Press: ? - help, Shift-Dir - straight line, f/p - phantom
Aim: a phantom (almost destroyed, unstickable)
You miscast Sticky Flame.
Nothing appears to happen.
* * * LOW HITPOINT WARNING * * *
The phantom barely misses you.
Unknown command.
Casting: Sticky Flame (dangerous; 6% risk of failure)
Confirm with . or Enter, or press ? or * to list all spells.
Aiming: Sticky Flame (dangerous; 6% risk of failure)
Press: ? - help, Shift-Dir - straight line, f/p - phantom
Aim: a phantom (almost destroyed, unstickable)
The sticky flame hits the phantom but does no damage.
The phantom is almost destroyed.
* * * LOW HITPOINT WARNING * * *
The bat closely misses you.
The phantom hits you but does no damage.
Casting: Sticky Flame (dangerous; 6% risk of failure)
Confirm with . or Enter, or press ? or * to list all spells.
Aiming: Sticky Flame (dangerous; 6% risk of failure)
Press: ? - help, Shift-Dir - straight line, f/p - phantom
Aim: a phantom (almost destroyed, unstickable)
The sticky flame hits the phantom but does no damage.
The phantom is almost destroyed.
* * * LOW HITPOINT WARNING * * *
The bat closely misses you.
A bat comes into view.
The phantom hits you.
You die...

Skill      XL: |  1  2  3  4  5  6 |
---------------+-------------------+-----
Spellcasting   | 4 5 6 |  6.7
Conjurations   | 4 5 6 |  6.7
Hexes          | 4 5 6 |  6.7
Summonings     | 4 5 6 |  6.7
Necromancy     | 4 5 6 |  6.7
Translocations | 4 5 6 |  6.7
Fire Magic     | 4 5 6 |  6.7
Ice Magic      | 4 5 6 |  6.7
Air Magic      | 4 5 6 |  6.7
Earth Magic    | 4 5 6 |  6.7
Alchemy        | 4 5 6 |  6.7
Dodging        | |  2.1
Stealth        | |  1.5

Action                     |  1- 3 |  4- 6 |  7- 9 || total
---------------------------+-------+-------+-------++-------
  Melee: Unarmed           |       |     7 |       ||     7
         Quarterstaff      |       |       |     1 ||     1
   Cast: Sting             |    39 |    70 |    28 ||   137
         Mercury Vapours   |    17 |    35 |    11 ||    63
         Mephitic Cloud    |       |    13 |     9 ||    22
         Sticky Flame      |       |       |     7 ||     7
    Use: Scroll            |     2 |     1 |       ||     3
   Stab: Confused          |       |     2 |       ||     2
 Armour: Robe              |     1 |    10 |     9 ||    20
  Dodge: Dodged            |     6 |    27 |     9 ||    42

Levels and vault maps discovered:
D:1:      wander_arrival_fairy_ring, layout_basic, minmay_tree_intersection
D:2:      layout_basic, shapermc_ecumenical_altar_venn
D:3:      layout_rooms, mainiacjoe_overflow_paths
D:4:      cheibrodos_old_hovel, layout_gridville, mainiacjoe_overflow_brackets,
          general_overflow_altar, chequers_temple_overflow_minitemple,
          roderic_batcave, uniq_eustachio

Notes
Turn   | Place    | Note
-------+----------+-------------------------------------------
     0 | D:1      | Drazool the Djinni Alchemist began the quest for the Orb.
     0 | D:1      | Drazool set off with the following spells memorised: Sting,
                  | Mercury Vapours, Mephitic Cloud, Olgreb's Toxic Radiance,
                  | Sticky Flame.
     0 | D:1      | Reached XP level 1. HP: 15/15 MP: 0/0
   263 | D:1      | Reached XP level 2. HP: 18/21 MP: 0/0
  1076 | D:2      | Reached XP level 3. HP: 21/25 MP: 0/0
  1076 | D:2      | Learned a level 1 spell: Summon Small Mammal
  1167 | D:2      | Reached skill level 4 in Spellcasting
  1167 | D:2      | Reached skill level 4 in Conjurations
  1167 | D:2      | Reached skill level 4 in Hexes
  1167 | D:2      | Reached skill level 4 in Summonings
  1167 | D:2      | Reached skill level 4 in Necromancy
  1167 | D:2      | Reached skill level 4 in Translocations
  1167 | D:2      | Reached skill level 4 in Fire Magic
  1167 | D:2      | Reached skill level 4 in Ice Magic
  1167 | D:2      | Reached skill level 4 in Air Magic
  1167 | D:2      | Reached skill level 4 in Earth Magic
  1167 | D:2      | Reached skill level 4 in Alchemy
  1259 | D:2      | Reached XP level 4. HP: 27/31 MP: 0/0
  1859 | D:2      | Found a faded altar of an unknown god.
  1960 | D:2      | Reached XP level 5. HP: 32/35 MP: 0/0
  1960 | D:2      | Learned a level 2 spell: Jinxbite
  2453 | D:3      | Reached skill level 5 in Spellcasting
  2453 | D:3      | Reached skill level 5 in Conjurations
  2453 | D:3      | Reached skill level 5 in Hexes
  2453 | D:3      | Reached skill level 5 in Summonings
  2453 | D:3      | Reached skill level 5 in Necromancy
  2453 | D:3      | Reached skill level 5 in Translocations
  2453 | D:3      | Reached skill level 5 in Fire Magic
  2453 | D:3      | Reached skill level 5 in Ice Magic
  2453 | D:3      | Reached skill level 5 in Air Magic
  2453 | D:3      | Reached skill level 5 in Earth Magic
  2453 | D:3      | Reached skill level 5 in Alchemy
  2507 | D:3      | Reached XP level 6. HP: 14/40 MP: 0/0
  2743 | D:3      | Found a sparkling altar of Nemelex Xobeh.
  3132 | D:4      | Noticed Eustachio
  3148 | D:4      | Killed Eustachio
  3149 | D:4      | Reached skill level 6 in Spellcasting
  3149 | D:4      | Reached skill level 6 in Conjurations
  3149 | D:4      | Reached skill level 6 in Hexes
  3149 | D:4      | Reached skill level 6 in Summonings
  3149 | D:4      | Reached skill level 6 in Necromancy
  3149 | D:4      | Reached skill level 6 in Translocations
  3149 | D:4      | Reached skill level 6 in Fire Magic
  3149 | D:4      | Reached skill level 6 in Ice Magic
  3149 | D:4      | Reached skill level 6 in Air Magic
  3149 | D:4      | Reached skill level 6 in Earth Magic
  3149 | D:4      | Reached skill level 6 in Alchemy
  3149 | D:4      | Reached XP level 7. HP: 19/45 MP: 0/0
  3149 | D:4      | Learned a level 2 spell: Blink
  3299 | D:4      | Identified the +7 quarterstaff "Jelly's Funeral" {freeze,
                  | rElec Dex+4}
  3794 | D:4      | Slain by a phantom

Vanquished Creatures
  Eustachio (D:4)
  An ogre (D:4)
  A howler monkey (D:4)
  A hound (D:4)
  2 orc priests (D:3)
  2 iguanas
  3 gnolls (D:2)
  5 adders
  A bombardier beetle (D:3)
  3 worms
  3 dart slugs
  9 orcs
  6 ball pythons
  5 bats
  8 endoplasms
  3 giant cockroaches (D:2)
  3 goblins
  4 hobgoblins
  4 jackals (D:4)
  4 quokkas
  2 frilled lizards
  4 kobolds
  4 rats
79 creatures vanquished.

Table legend: (Time is in decaauts)
 A = Elapsed time spent in this place.
 B = Non-inter-level travel time spent in this place.
 C = Inter-level travel time spent in this place.
 D = Time resting spent in this place.
 E = Time spent auto-exploring this place.
 F = Levels seen in this place.
 G = Mean time per level.
                   A        B        C        D        E       F      G
               +--------+--------+--------+--------+--------+-----+--------+
         Total |   3794 |   3717 |     77 |    268 |   2912 |   4 |  948.5 |
       Dungeon |   3794 |   3717 |     77 |    268 |   2912 |   4 |  948.5 |
               +--------+--------+--------+--------+--------+-----+--------+

Top non-repeatable levels by time:
     D:2: 1386 daAuts
     D:1: 1016 daAuts
     D:4: 731 daAuts
     D:3: 660 daAuts

Table legend:
 A = Non-vault XP
 B = Vault XP
 C = Vault XP percentage of total XP
 D = Non-vault monster count
 E = Vault monster count
 F = Vault count percentage of total count
                 A         B        C        D         E       F
            +---------+---------+-------+---------+---------+-------
      Total |     503 |     318 |  38.7 |      75 |       4 |   5.1
            +---------+---------+-------+---------+---------+-------
        D:1 |      27 |       0 |   0.0 |      16 |       0 |   0.0
        D:2 |     159 |       0 |   0.0 |      27 |       0 |   0.0
        D:3 |     144 |       0 |   0.0 |      14 |       0 |   0.0
        D:4 |     173 |     318 |  64.8 |      18 |       4 |  18.2
            +---------+---------+-------+---------+---------+-------
